Map: Orbital Shipyard

Players

PartinG

  • Race: Protoss Protoss
  • League: Platinum

Solar - Winner!

  • Race: Zerg Zerg
  • League: Diamond

Event: DreamHack ROCCAT LotV Championship

VOD

Have the link to the VOD?

Description

Time

  • Played on: Nov. 28, 2015, 2:22 p.m.
  • Length: 10:25

All games in this series

Show
View Real Time Build Order
Export as new Build Order

PartinG Protoss 

Build Orders: Nexus First 

Get SALT Encoding   

  12  0:00  Probe (Chrono Boost)  
  13  0:11  Probe (Chrono Boost)  
  14  0:18  Pylon  
  14  0:22  Probe (Chrono Boost)  
  15  0:36  Probe (Chrono Boost)  
  16  0:47  Probe (Chrono Boost)  
  17  0:56  Nexus  
  17  1:06  Gateway  
  17  1:10  Probe (Chrono Boost)  
  18  1:14  Assimilator  
  18  1:20  Probe (Chrono Boost)  
  18  1:23  Assimilator  
  19  1:31  Probe (Chrono Boost)  
  20  1:44  Forge  
  20  1:46  Pylon  
  20  1:53  Zealot (Chrono Boost)  
  22  2:01  Pylon  
  22  2:08  Pylon  
  22  2:16  Photon Cannon  
  22  2:17  Zealot (Chrono Boost)  
  23  2:32  Cybernetics Core  
  23  2:41  Probe  
  24  2:50  Probe  
  24  2:53  Gateway  
  24  2:57  Probe, Assimilator  
  25  3:04  Probe  
  26  3:07  Probe  
  26  3:10  Warp Gate  
  28  3:14  Probe  
  28  3:19  Probe  
  29  3:23  Pylon  
  29  3:25  Probe  
  31  3:29  Probe  
  32  3:35  Probe  
  33  3:43  Stalker (Chrono Boost)  
  33  3:45  Probe  
  33  3:46  Probe  
  37  3:54  Stargate  
  37  3:56  Pylon  
  37  3:58  Probe (Chrono Boost)  
  37  4:00  Probe (Chrono Boost)  
  39  4:11  Probe (Chrono Boost)  
  39  4:14  Mothership Core (Chrono Boost)  
  42  4:17  Pylon, Assimilator  
  42  4:21  Probe (Chrono Boost)  
  43  4:31  Probe (Chrono Boost)  
  43  4:33  Probe (Chrono Boost)  
  45  4:39  Oracle (Chrono Boost)  
  45  4:41  Probe  
  45  4:43  Probe  
  50  4:47  Nexus  
  50  4:52  Pylon  
  50  4:54  Pylon  
  50  4:56  Probe  
  50  4:58  Probe  
  50  4:59  Pylon  
  52  5:02  Assimilator  
  52  5:11  Probe  
  52  5:12  Void Ray (Chrono Boost)  
  52  5:13  Probe  
  58  5:17  Pylon  
  58  5:22  Probe  
  58  5:25  Probe  
  58  5:27  Forge  
  60  5:31  Protoss Ground Weapons Level 1 (Chrono Boost)  
  60  5:33  Probe  
  60  5:34  Twilight Council  
  61  5:37  Probe  
  62  5:44  Probe  
  62  5:49  Probe  
  64  5:53  Robotics Facility  
  64  5:55  Probe, Pylon  
  65  5:58  Probe  
  65  6:01  Probe  
  65  6:02  Sentry  
  69  6:05  Resonating Glaives (Chrono Boost), Probe (Chrono Boost)  
  69  6:08  Pylon  
  69  6:09  Probe (Chrono Boost)  
  71  6:13  Probe (Chrono Boost)  
  71  6:15  Photon Cannon  
  71  6:17  Probe (Chrono Boost)  
  73  6:20  Gateway  
  73  6:21  Probe (Chrono Boost)  
  73  6:24  Gateway, Probe (Chrono Boost)  
  75  6:25  Sentry  
  75  6:29  Probe (Chrono Boost)  
  75  6:31  Probe (Chrono Boost)  
  79  6:35  Probe (Chrono Boost)  
  79  6:36  Gateway x2, Warp Prism (Chrono Boost)  
  82  6:52  Sentry  
  82  6:53  Gateway  
  84  6:54  Gateway  
  84  6:56  Gateway  
  84  6:58  Assimilator  
  84  7:02  Assimilator  
  84  7:03  Probe x3  
  84  7:07  Pylon  
  87  7:09  Phoenix (Chrono Boost)  
  87  7:10  Photon Cannon  
  87  7:12  Photon Cannon  
  89  7:17  Pylon  
  89  7:18  Photon Cannon  
  89  7:29  Adept x3  
  95  7:32  Phoenix (Chrono Boost)  
  95  7:36  Stargate  
  84  7:49  Probe x2  
  84  7:50  Probe  
  80  7:53  Phoenix (Chrono Boost)  
  82  7:58  Pylon  
  82  8:02  Mothership Core, Blink (Chrono Boost)  
  84  8:08  Stalker x4  
  94  8:23  Probe x3  
  95  8:35  Stalker x3, Robotics Bay  
  95  8:36  Stalker  
  95  8:52  Stalker x4  
  98  9:00  Stalker x3  
  78  9:17  Disruptor  
  78  9:19  Stalker  
  83  9:24  Gateway  
  83  9:25  Gateway  
  83  9:26  Gateway  
  83  9:31  Sentry  
  84  9:45  Gateway  
  82  9:46  Gateway  
  82  9:48  Disruptor  
  83  10:00  Pylon  
Show
View Real Time Build Order
Export as new Build Order

Solar Zerg - Winner!

Build Orders: Pool First 

Get SALT Encoding   

  12  0:17  Spawning Pool  
  11  0:22  Drone  
  11  0:26  Drone  
  13  0:31  Drone  
  14  0:40  Overlord  
  14  1:04  Zergling x4  
  14  1:05  Zergling x2  
  17  1:16  Zergling x2  
  18  1:25  Hatchery  
  18  1:26  Zergling x2  
  18  1:37  Zergling x2  
  19  1:41  Queen  
  21  1:48  Drone  
  22  2:01  Overlord  
  22  2:20  Drone  
  22  2:21  Drone  
  24  2:27  Hatchery  
  23  2:32  Drone  
  24  2:38  Drone  
  24  2:41  Drone  
  26  2:49  Drone x3  
  29  2:54  Drone  
  29  2:56  Drone  
  31  3:05  Queen  
  33  3:11  Overlord  
  33  3:14  Drone  
  33  3:16  Drone  
  33  3:19  Drone  
  36  3:31  Drone x5  
  41  3:34  Queen  
  41  3:39  Drone  
  41  3:41  Overlord  
  44  3:43  Drone  
  44  3:46  Extractor  
  44  3:47  Drone  
  45  3:49  Extractor  
  45  3:51  Drone  
  45  3:52  Drone  
  45  3:54  Drone  
  47  3:57  Drone  
  47  4:01  Drone x2  
  47  4:02  Overlord  
  50  4:03  Drone  
  52  4:10  Drone  
  52  4:12  Drone  
  52  4:13  Overlord  
  52  4:15  Drone x2  
  52  4:16  Drone  
  56  4:19  Overlord  
  56  4:23  Drone  
  57  4:30  Drone  
  57  4:31  Lair  
  58  4:32  Drone x2  
  58  4:33  Drone  
  58  4:34  Drone  
  58  4:35  Drone  
  58  4:37  Drone, Extractor  
  63  4:41  Drone  
  64  4:47  Drone x3  
  64  4:48  Drone  
  64  4:51  Drone  
  69  4:53  Extractor  
  69  4:58  Spore Crawler  
  69  4:59  Metabolic Boost, Spore Crawler  
  66  5:00  Drone x3, Spore Crawler  
  66  5:01  Overlord  
  66  5:04  Drone  
  66  5:05  Drone x2  
  71  5:07  Extractor  
  71  5:08  Drone x3  
  71  5:11  Extractor  
  72  5:14  Drone  
  72  5:15  Drone  
  72  5:18  Overlord  
  72  5:19  Overlord  
  72  5:21  Drone x2  
  76  5:23  Drone  
  76  5:24  Drone x2  
  76  5:26  Drone  
  79  5:29  Evolution Chamber  
  79  5:30  Roach Warren  
  79  5:35  Spire  
  76  5:37  Drone  
  76  5:38  Drone  
  76  5:39  Drone  
  76  5:40  Drone  
  76  5:42  Drone  
  79  5:48  Overseer  
  77  5:50  Drone x2  
  77  5:52  Drone x3  
  77  5:55  Overlord  
  82  5:58  Zerg Melee Weapons Level 1  
  82  6:07  Overlord  
  82  6:15  Hatchery  
  81  6:19  Overlord  
  81  6:22  Zergling x2  
  81  6:23  Zergling x4  
  84  6:45  Drone x2  
  84  6:46  Drone x2, Mutalisk x9  
  84  6:47  Mutalisk x2  
  90  6:50  Zerg Flyer Weapons Level 1  
  90  6:52  Overlord  
  90  6:54  Overlord x2, Extractor x2  
  110  6:56  Drone  
  109  7:02  Glial Reconstitution  
  109  7:04  Drone  
  109  7:06  Drone x4, Overlord  
  114  7:09  Overlord  
  114  7:11  Overlord  
  114  7:16  Zergling x6  
  116  7:24  Overlord  
  116  7:28  Overlord  
  114  7:42  Roach x6  
  114  7:43  Roach x10  
  140  7:48  Queen  
  140  7:51  Roach x2  
  143  7:54  Roach x2  
  147  7:58  Overlord  
  147  8:01  Roach  
  147  8:04  Overlord  
  149  8:08  Roach  
  149  8:11  Roach x2  
  153  8:13  Zerg Missile Weapons Level 1  
  153  8:16  Ravager x8  
  153  8:17  Roach  
  153  8:18  Roach x2, Zergling x10  
  172  8:21  Zergling x10  
  172  8:25  Ravager  
  178  8:29  Zergling x4  
  178  8:32  Ravager x2  
  178  8:33  Ravager  
  183  8:35  Zergling x4  
  185  8:41  Zergling x2  
  185  8:42  Zergling x2  
  185  8:45  Roach x2  
  189  8:51  Roach x6  
  189  8:53  Roach  
  189  8:54  Roach  
  200  8:58  Roach x2  
  200  9:00  Roach  
  200  9:01  Roach  
  199  9:05  Roach x2  
  199  9:06  Roach  
  199  9:09  Overseer x5  
  197  9:12  Zergling x8  
  197  9:15  Zergling x2  
  198  9:20  Zergling x4  
  199  9:24  Zergling x2  
  200  9:38  Zergling x10  
  200  9:40  Zergling x2  
  200  9:47  Zergling x2  
  200  9:48  Hatchery, Zergling x12  
  200  9:51  Zergling x6  
  199  9:57  Zergling x10  
  199  9:58  Zergling x2  

Tags
 
Add a new tag
Caveats
  • Supply blocks, unpowered buildings, or Contaminate may cause inaccurate times.
  • Supply counts are checked every 10 seconds.